 Dungeon Crawl Stone Soup version 0.31.0-1-g2c135a008e (webtiles) character file.

Game seed: 4503931281141103586

198 qw the Shooter (level 6, 0/46 HPs)
             Began as a Djinni Hunter on Jan 23, 2024.
             Was an Initiate of Okawaru.
             Slain by Edmund
             ... wielding a +2 dire flail of protection
              (11 damage)
             ... on level 4 of the Dungeon.
             The game lasted 00:00:10 (3387 turns).

qw the Shooter (Djinni Hunter)                      Turns: 3387, Time: 00:00:11

Health: 0/46       AC:  5    Str: 10    XL:     6   Next: 5%
Gold:   183        EV: 11    Int: 11    God:    Okawaru [......] SH:  0 Dex: 18

rFire   + + .        a - +1 shortbow
rCold   x . .        (shield currently unavailable)
rNeg    + . .        d - +0 ring mail
rPois   inf          (no helmet)
rElec   .            (no cloak)
rCorr   .            (no gloves)
SInv    .            (boots unavailable)
Will    .....        f - amulet of regeneration
Stlth   +            b - ring of positive energy
HPRegen 1.07/turn    (no ring)
MPRegen 0.00/turn

%: infuse magic (-1 HP)
@: about to teleport, flying, hasted, very quick
A: sickness immunity, fire resistance 2, cold vulnerability 1, float, innate
caster, HP casting, extra vitality 1
a: Renounce Religion


You were on level 4 of the Dungeon.
You worshipped Okawaru.
Okawaru was noncommittal.
You visited 2 branches of the dungeon, and saw 5 of its levels.

You collected 183 gold pieces.


Innate Abilities, Weirdness & Mutations

You are immune to sickness and miasma.
You are immune to poison.
Your flesh is very heat resistant. (rF++)
You are vulnerable to cold. (rC-)
You float through the air rather than walking.
You learn spells naturally, not from books.
Your magical power is your life essence.
You have superior vitality. (+4 MHP)


   Skills:
 - Level 3.0 Fighting
 - Level 5.0 Ranged Weapons
 - Level 1.3 Armour
 + Level 2.3 Dodging
 - Level 0.7 Stealth


You knew the following spells:

 Your Spells              Type           Power      Damage    Failure   Level
a - Shock                 Conj/Air       0%         1d3       65%         1
b - Lesser Beckoning      Tloc           0%         N/A       80%         2
Your spell library was empty.

Inventory:

Hand Weapons
 a - a +1 shortbow (weapon)
Armour
 d - a +0 ring mail (worn)
Jewellery
 b - a ring of positive energy (left hand)
 f - an amulet of regeneration (around neck)
 j - a ring of protection from cold
Wands
 e - a wand of quicksilver (13)
Potions
 c - a potion of haste
 h - a potion of mutation {unknown}
 i - a potion of berserk rage {unknown}
 l - a potion of enlightenment {unknown}

Dungeon Overview and Level Annotations

Branches:
Dungeon (4/15)             Temple (1/1) D:4

Altars:
Fedhas
Okawaru
Ru
Trog
Uskayaw
Zin
The Shining One

Annotations:
D:1 exclusion: quokka
D:4 Edmund


Message History

Edmund barely misses you.
You shoot an arrow. The arrow barely misses Edmund.
Edmund hits you with a +2 dire flail of protection!
You shoot an arrow.
The arrow hits Edmund but does no damage.
You shoot an arrow.
The arrow hits Edmund but does no damage.
Edmund says, "People accused me of being a cutpurse!"
Edmund hits you with a +2 dire flail of protection!
You shoot an arrow.
The arrow hits Edmund but does no damage.
Edmund hits you with a +2 dire flail of protection.
You shoot an arrow.
The arrow hits Edmund but does no damage.
Edmund hits you with a +2 dire flail of protection.
You shoot an arrow. The arrow closely misses Edmund.
Edmund hits you with a +2 dire flail of protection.
You shoot an arrow. The arrow hits Edmund.
Edmund is lightly wounded.
Edmund hits you but does no damage.
You shoot an arrow. The arrow barely misses Edmund.
You shoot an arrow.
The arrow hits Edmund but does no damage.
Edmund is lightly wounded.
Edmund closely misses you.
You shoot an arrow.
The arrow hits Edmund but does no damage.
Edmund is lightly wounded.
Edmund barely misses you.
You shoot an arrow.
The arrow hits Edmund but does no damage.
Edmund is lightly wounded.
Edmund hits you with a +2 dire flail of protection.
3387 ||| READING scroll of teleportation.
As you read the scroll of teleportation, it crumbles to dust.
You feel strangely unstable.
Edmund gestures with his flail.
Edmund hits you with a +2 dire flail of protection!
You die...
Edmund whines, "They better pay attention to me now!"

#.
#.##...#####.#
##.##...###
..........#
#####.#.#.#
#.#.#.# #.#.#.#
#.#.#.#
###.#.#.#
.......@#
#####...@......
#######.### #.#


You could see Edmund.

Vanquished Creatures
  An ogre (D:4)
  4 adders
  2 ribbon worms
  2 dart slugs
  2 orcs (D:3)
  7 endoplasms
  3 giant cockroaches (D:1)
  6 goblins
  6 hobgoblins
  7 quokkas
  8 ball pythons
  3 bats
  3 kobolds (D:1)
  6 rats
60 creatures vanquished.

Notes
Turn   | Place    | Note
-------+----------+-------------------------------------------
     0 | D:1      | qw the Djinni Hunter began the quest for the Orb.
     0 | D:1      | Reached XP level 1. HP: 18/18 MP: 0/0
     0 | D:1      | 0 ||| qw: Version: 0.3-a-136-gdd3b4e8
     0 | D:1      | 0 ||| qw: Game counter: 1137
     0 | D:1      | 0 ||| qw: Melee chars always use a shield: true
     0 | D:1      | 0 ||| qw: God list: Okawaru
     0 | D:1      | 0 ||| qw: Allow faded altars: false
     0 | D:1      | 0 ||| qw: Do Orc after clearing Dungeon:15 true
     0 | D:1      | 0 ||| qw: Do second Lair branch before Depths: true
     0 | D:1      | 0 ||| qw: Lair rune preference: random
     0 | D:1      | 0 ||| qw: Goals: Normal
     0 | D:1      | 0 ||| PLANNING D:1-11
    13 | D:1      | 13 ||| DROPPING scroll of butterflies.
   142 | D:1      | Reached XP level 2. HP: 22/23 MP: 0/0
   447 | D:1      | Reached XP level 3. HP: 28/28 MP: 0/0
   447 | D:1      | Learned a level 1 spell: Shock
   453 | D:1      | Reached skill level 4 in Ranged Weapons
   734 | D:1      | 734 ||| UPGRADING to +0 ring mail.
   744 | D:1      | 744 ||| DROPPING +0 leather armour.
   745 | D:1      | 745 ||| READING scroll labelled UXZIUKHLY DEDGHI.
   748 | D:1      | 748 ||| READING scroll labelled SIAG HUANLO.
  1037 | D:2      | Reached skill level 1 in Armour
  1037 | D:2      | Reached XP level 4. HP: 34/34 MP: 0/0
  1757 | D:2      | 1757 ||| READING 2 scrolls labelled LEATHR JUDO.
  1757 | D:2      | 1757 ||| IDENTIFYING yellow potion
  1758 | D:2      | 1758 ||| READING scroll of identify.
  1758 | D:2      | 1758 ||| IDENTIFYING pink potion
  1759 | D:2      | 1759 ||| READING scroll labelled DUUFOKH ARUSUA.
  1760 | D:2      | 1760 ||| READING scroll labelled COGASK CANNIABO.
  1760 | D:2      | 1760 ||| ENCHANTING +0 shortbow.
  1761 | D:2      | 1761 ||| READING scroll labelled AJI GUPI URAU.
  1761 | D:2      | 1761 ||| ENCHANTING +1 shortbow.
  1762 | D:2      | 1762 ||| DROPPING potion of degeneration.
  1795 | D:3      | Reached skill level 3 in Fighting
  2696 | D:3      | 2696 ||| UPGRADING to ring of positive energy.
  2697 | D:3      | 2697 ||| READING scroll of identify.
  2697 | D:3      | 2697 ||| IDENTIFYING bubbling cyan potion
  2698 | D:3      | 2698 ||| READING scroll labelled LEWIUH YMOURE.
  2699 | D:3      | 2699 ||| READING scroll labelled YMOH RAVUAZETS.
  2700 | D:3      | 2700 ||| READING scroll labelled NIOC HORIGOXOO.
  2701 | D:3      | 2701 ||| DRINKING 2 glowing red potions.
  2702 | D:3      | 2702 ||| DROPPING potion of lignification.
  2785 | D:4      | Reached XP level 5. HP: 40/40 MP: 0/0
  2785 | D:4      | Learned a level 2 spell: Lesser Beckoning
  2803 | D:4      | Noticed an ogre
  2806 | D:4      | HP: 6/40 [ogre/+0 giant club (34)]
  2807 | D:4      | 2807 ||| DRINKING potion of heal wounds.
  2811 | D:4      | Killed an ogre
  2812 | D:4      | Reached skill level 5 in Ranged Weapons
  2812 | D:4      | Reached XP level 6. HP: 19/46 MP: 0/0
  2878 | D:4      | 2878 ||| FLEEEEING.
  2879 | D:4      | 2879 ||| FLEEEEING.
  2880 | D:4      | 2880 ||| FLEEEEING.
  2881 | D:4      | 2881 ||| FLEEEEING.
  2882 | D:4      | 2882 ||| FLEEEEING.
  3041 | D:4      | Found a staircase to the Ecumenical Temple.
  3042 | D:4      | 3042 ||| PLANNING TEMPLE
  3042 | D:4      | 3042 ||| UPGRADING to amulet of regeneration.
  3047 | D:4      | 3047 ||| READING scroll labelled OTEACUL FAVEU.
  3076 | Temple   | Entered the Ecumenical Temple
  3077 | Temple   | 3077 ||| PLANNING OKAWARU WORSHIP
  3084 | Temple   | Became a worshipper of Warmaster Okawaru
  3085 | Temple   | 3085 ||| PLANNING D:1-11
  3372 | D:4      | Noticed Edmund
  3373 | D:4      | 3373 ||| DRINKING 2 potions of haste.
  3386 | D:4      | HP: 10/46 [Edmund/+2 dire flail of protection (6)]
  3387 | D:4      | 3387 ||| READING scroll of teleportation.
  3387 | D:4      | Slain by Edmund

Levels and vault maps discovered:
D:1:      dpeg_arrival_rooms_with_view, layout_loops_cross
D:2:      layout_basic, chequers_serial_rivers_large_a
D:3:      layout_basic, minmay_crystal_room
D:4:      layout_loops_ring, mainiacjoe_overflow_cross_hatched,
          minmay_temple_entry_glassed_door, uniq_edmund
Temple:   hellmonk_temple_forest_ring

Skill      XL: |  1  2  3  4  5 |
---------------+----------------+-----
Ranged Weapons | 4 5 |  5.0
Armour         | 1 |  1.3
Fighting       | 3 |  3.0
Dodging        | |  2.3
Stealth        | |  0.7

Action                     |  1- 3 |  4- 6 || total
---------------------------+-------+-------++-------
   Fire: Shortbow          |    99 |   113 ||   212
    Use: Scroll            |     2 |    11 ||    13
         Potion            |       |     3 ||     3
 Armour: Leather armour    |    24 |       ||    24
         Ring mail         |     1 |    31 ||    32
  Dodge: Dodged            |    27 |    22 ||    49

Table legend:
 A = Non-vault XP
 B = Vault XP
 C = Vault XP percentage of total XP
 D = Non-vault monster count
 E = Vault monster count
 F = Vault count percentage of total count
                 A         B        C        D         E       F
            +---------+---------+-------+---------+---------+-------
      Total |     279 |       4 |   1.4 |      58 |       2 |   3.3
            +---------+---------+-------+---------+---------+-------
        D:1 |      39 |       4 |   9.3 |      23 |       2 |   8.0
        D:2 |      55 |       0 |   0.0 |      16 |       0 |   0.0
        D:3 |      38 |       0 |   0.0 |      12 |       0 |   0.0
        D:4 |     147 |       0 |   0.0 |       7 |       0 |   0.0
            +---------+---------+-------+---------+---------+-------
